 Dungeon Crawl Stone Soup version 0.31-a0-187-gba352fbbf7 (webtiles) character file.

Game seed: 732690534424568660

776 qw the Skirmisher (level 7, -7/40 HPs)
             Began as a Deep Elf Hunter on June 22, 2023.
             Mangled by a wyvern (12 damage)
             ... on level 5 of the Dungeon.
             The game lasted 00:01:19 (4891 turns).

qw the Skirmisher (Deep Elf Hunter)                 Turns: 4891, Time: 00:01:19

Health: -7/40      AC:  8    Str: 10    XL:     7   Next: 54%
Magic:  9/9        EV: 10    Int: 14    God:
Gold:   290        SH:  0    Dex: 18    Spells: 6/6 levels left

rFire   . . .        Y - +0 orcbow
rCold   . . .        (shield currently unavailable)
rNeg    + . .        i - +0 scale mail
rPois   .            g - +0 helmet
rElec   .            (no cloak)
rCorr   .            j - +0 pair of gloves
SInv    .            (no boots)
Will    .....        (no amulet)
Stlth   +            f - ring of positive energy
HPRegen 0.26/turn    (no ring)
MPRegen 0.11/turn

%: no passive effects
@: about to teleport
A: no striking features
a: no special abilities


You were on level 5 of the Dungeon.
You visited 2 branches of the dungeon, and saw 6 of its levels.

You collected 290 gold pieces.


   Skills:
 - Level 2.2 Fighting
 + Level 11.1 Ranged Weapons
 - Level 1.0 Armour
 - Level 4.3 Dodging
 - Level 1.2 Stealth


You had 6 spell levels left.
You didn't know any spells.
Your spell library was empty.

Inventory:

Hand Weapons
 Y - a +0 orcbow (weapon)
Armour
 g - a +0 helmet (worn)
 i - a +0 scale mail (worn)
 j - a +0 pair of gloves (worn)
 l - a +0 ring mail
Jewellery
 f - a ring of positive energy (left hand)
Scrolls
 a - 2 scrolls of identify
 b - a scroll of teleportation
Potions
 c - a potion of berserk rage {unknown}
 d - a potion of enlightenment {unknown}
 e - a potion of ambrosia {unknown}
 h - a potion of attraction {unknown}
 k - 2 potions of curing
 n - a potion of might {unknown}

Dungeon Overview and Level Annotations

Branches:
Dungeon (5/15)             Temple (1/1) D:4

Altars:
Ashenzari
Cheibriados
Dithmenos
Elyvilon
Gozag
Hepliaklqana
Kikubaaqudgha
Makhleb
Qazlal
Ru
Sif Muna
Uskayaw
Wu Jian
Xom
Zin

Shops:
D:4 :

Annotations:
D:3 3 runed translucent doors, qw's ghost, amateur DEHu


Message History

The ogre barely misses you.
You shoot an arrow. The arrow hits the ogre.
You kill the ogre!
Your Ranged Weapons skill increases to level 11!
You start resting.
HP restored.
Things that are here:
a +0 giant spiked club; an ogre corpse A wyvern comes into view.
The wyvern hisses angrily.
The wyvern hisses menacingly.
Enter note:
Enter note:
Enter note:
Enter note:
Enter note:
Enter note: You shoot an arrow.
The arrow hits the wyvern!
The wyvern is moderately wounded.
You shoot an arrow. The arrow hits the wyvern!
The wyvern is heavily wounded.
You shoot an arrow.
The arrow hits the wyvern but does no damage.
The wyvern is heavily wounded.
The wyvern bites you but does no damage.
The wyvern bites you!
You shoot an arrow. The arrow completely misses the wyvern.
The wyvern barely misses you.
The wyvern bites you but does no damage.
You shoot an arrow. The arrow hits the wyvern.
The wyvern is severely wounded.
The wyvern bites you! The wyvern closely misses you.
You shoot an arrow. The arrow hits the wyvern.
The wyvern is almost dead.
The wyvern bites you. x2
4891 ||| READING 2 scrolls of teleportation.
As you read the scroll of teleportation, it crumbles to dust.
You feel strangely unstable. The wyvern bites you!
You die...

##### ##...##
##.....#####
#.......#...
.#..._.%...##
.#.......#...
#.#######
.##.....#####
#.....l.#
#.##...##
#@####.######
###
#.#........#
#..
#.#.##.....#
#.#
#.#........#
#:.
#.####....>#
##. #.#
#.....# #.
#.# ###.###
#. #.# #.# #.
#.# #.# #.


You could see a wyvern.

Vanquished Creatures
  An ice beast (D:5)
  2 ogres (D:5)
  A centaur (D:4)
  2 scorpions
  3 hounds
  A jelly (D:4)
  An orc priest (D:5)
  An iguana (D:4)
  An orc wizard (D:5)
  4 adders
  3 worms
  3 dart slugs
  4 orcs
  4 ball pythons
  9 endoplasms
  A giant cockroach (D:2)
  8 hobgoblins
  8 kobolds
  5 quokkas
  5 bats
  A frilled lizard (D:1)
  6 goblins
  4 rats
78 creatures vanquished.

Notes
Turn   | Place    | Note
-------+----------+-------------------------------------------
     0 | D:1      | qw the Deep Elf Hunter began the quest for the Orb.
     0 | D:1      | Reached XP level 1. HP: 12/12 MP: 3/3
     0 | D:1      | 0 ||| qw: Version: 0.3-a-9-g12657ce
     0 | D:1      | 0 ||| qw: Game counter: 2619
     0 | D:1      | 0 ||| qw: Always use a shield: true
     0 | D:1      | 0 ||| qw: God list: Okawaru
     0 | D:1      | 0 ||| qw: Allow faded altars: false
     0 | D:1      | 0 ||| qw: Do Orc after D:15 true
     0 | D:1      | 0 ||| qw: Do second Lair branch before Depths: true
     0 | D:1      | 0 ||| qw: Lair rune preference: random
     0 | D:1      | 0 ||| qw: Plans: Normal
     0 | D:1      | 0 ||| PLANNING D:1-11
   176 | D:1      | Reached XP level 2. HP: 16/16 MP: 4/4
   183 | D:1      | Reached skill level 6 in Ranged Weapons
   829 | D:1      | 829 ||| UPGRADING to +0 pair of gloves.
   834 | D:1      | 834 ||| UPGRADING to ring of positive energy.
   835 | D:1      | 835 ||| READING 2 scrolls labelled GUXIDE DETIUD.
   836 | D:1      | 836 ||| READING scroll labelled BANAPI ROD SAE.
   840 | D:1      | 840 ||| READING scroll labelled SIDU INADDOY.
   841 | D:1      | 841 ||| DRINKING 3 murky dark potions.
   884 | D:1      | 884 ||| DROPPING scroll of butterflies.
   885 | D:1      | 885 ||| DROPPING 2 potions of lignification.
   968 | D:2      | 968 ||| FLEEEEING.
   969 | D:2      | 969 ||| FLEEEEING.
   973 | D:2      | 973 ||| FLEEEEING.
   974 | D:2      | 974 ||| FLEEEEING.
  1517 | D:2      | Reached XP level 3. HP: 20/20 MP: 5/5
  1951 | D:3      | Reached skill level 7 in Ranged Weapons
  2211 | D:3      | Reached XP level 4. HP: 25/25 MP: 6/6
  2322 | D:3      | Found a runed translucent gate.
  2322 | D:3      | Found a runed translucent gate.
  2327 | D:3      | Found a runed translucent gate.
  2328 | D:3      | Noticed qw's ghost (amateur DEHu)
  2558 | D:3      | 2558 ||| DROPPING ring of wizardry.
  2559 | D:3      | 2559 ||| DRINKING 2 fizzy blue potions.
  2643 | D:4      | Reached skill level 8 in Ranged Weapons
  2704 | D:4      | Reached XP level 5. HP: 19/29 MP: 7/7
  2769 | D:4      | Noticed a centaur
  2772 | D:4      | Killed a centaur
  2773 | D:4      | Reached skill level 9 in Ranged Weapons
  2895 | D:4      | 2895 ||| SWAPPING to +0 orcbow.
  2904 | D:4      | Reached skill level 3 in Dodging
  2909 | D:4      | 2909 ||| DROPPING +0 shortbow.
  2915 | D:4      | Reached XP level 6. HP: 35/35 MP: 8/8
  2976 | D:4      | Found Qayroon's Book Boutique.
  3028 | D:4      | Found a staircase to the Ecumenical Temple.
  3029 | D:4      | 3029 ||| PLANNING TEMPLE
  3740 | D:4      | 3740 ||| UPGRADING to +0 helmet.
  3745 | D:4      | 3745 ||| READING scroll labelled PAUXIO OBREK.
  3846 | D:4      | 3846 ||| READING scroll labelled QEPEUMP VAESCHO.
  3847 | D:4      | 3847 ||| READING scroll labelled ONUUWECIPH.
  3859 | D:5      | Entered Level 5 of the Dungeon
  3928 | D:5      | Found a snail-covered altar of Cheibriados.
  3940 | D:5      | Reached skill level 10 in Ranged Weapons
  4063 | D:5      | Noticed an ice beast
  4068 | D:5      | HP: 4/35 [ice beast (13)]
  4069 | D:5      | 4069 ||| READING 2 scrolls of teleportation.
  4071 | D:5      | Killed an ice beast
  4072 | D:5      | Reached XP level 7. HP: 5/40 MP: 9/9
  4225 | D:5      | 4225 ||| UPGRADING to +0 scale mail.
  4235 | D:5      | 4235 ||| DROPPING +0 leather armour.
  4238 | D:5      | 4238 ||| STAIRDANCE
  4262 | Temple   | Entered the Ecumenical Temple
  4313 | Temple   | 4313 ||| PLANNING D:1-11
  4458 | D:5      | Reached skill level 1 in Armour
  4472 | D:5      | Found a glowing silver altar of Zin.
  4808 | D:5      | Reached skill level 11 in Ranged Weapons
  4884 | D:5      | Noticed a wyvern
  4890 | D:5      | HP: 9/40 [wyvern (5)]
  4891 | D:5      | 4891 ||| READING 2 scrolls of teleportation.
  4891 | D:5      | Mangled by a wyvern

Levels and vault maps discovered:
D:1:      elethiomel_arrival_infinity_welcomes_careful_drivers, layout_basic,
          hangedman_decor_points
D:2:      layout_basic, grunt_decor_fettered, chequers_serial_rivers_micro_b
D:3:      layout_loops_ring, biasface_ghost_orc_armoury
D:4:      layout_loops_corners, minmay_temple_entry_from_below_a, serial_shops,
          nicolae_shop_advertising_works [nicolae_subvault_shop_adworks],
          minmay_gold_behind_fungi, columned_hall_lemuel, kennysheep_boxes
D:5:      layout_loops_ring, overflow_temple_1_default, lemuel_round_altar
Temple:   cyrus_circular_temple

Skill      XL: |  1  2  3  4  5  6  7 |
---------------+----------------------+-----
Ranged Weapons | 6 7 8 9 10 11 | 11.1
Dodging        | 3 4 |  4.3
Fighting       | 2 |  2.2
Armour         | 1 |  1.0
Stealth        | |  1.2

Action                     |  1- 3 |  4- 6 |  7- 9 || total
---------------------------+-------+-------+-------++-------
   Fire: Shortbow          |   134 |    46 |       ||   180
         Orcbow            |       |    51 |    44 ||    95
    Use: Scroll            |     3 |     4 |     1 ||     8
         Potion            |     1 |     1 |       ||     2
 Armour: Leather armour    |     5 |     5 |       ||    10
         Scale mail        |       |       |     6 ||     6
  Dodge: Dodged            |    33 |    22 |     9 ||    64

Table legend:
 A = Non-vault XP
 B = Vault XP
 C = Vault XP percentage of total XP
 D = Non-vault monster count
 E = Vault monster count
 F = Vault count percentage of total count
                 A         B        C        D         E       F
            +---------+---------+-------+---------+---------+-------
      Total |    1109 |       0 |   0.0 |      78 |       0 |   0.0
            +---------+---------+-------+---------+---------+-------
        D:1 |      25 |       0 |   0.0 |      14 |       0 |   0.0
        D:2 |      18 |       0 |   0.0 |      11 |       0 |   0.0
        D:3 |      64 |       0 |   0.0 |      21 |       0 |   0.0
        D:4 |     405 |       0 |   0.0 |      18 |       0 |   0.0
        D:5 |     597 |       0 |   0.0 |      14 |       0 |   0.0
            +---------+---------+-------+---------+---------+-------
